 Dungeon Crawl Stone Soup version 0.13-a0-1590-g33f0eee (webtiles) character file.

4928 Kae the Frost Mage (level 10, 0/69 HPs)
             Began as a Yellow Draconian Ice Elementalist on June 13, 2013.
             Was a Believer of Vehumet.
             Succumbed to a water moccasin's poison
             ... on Level 1 of the Lair of Beasts.
             The game lasted 00:28:03 (9736 turns).

Kae the Frost Mage (DrIE)                           Turns: 9736, Time: 00:28:03

HP   0/69        AC 12     Str 10      XL: 10   Next: 19%
MP   1/22        EV 11     Int 19      God: Vehumet [**....]
Gold 319         SH  6     Dex 12      Spells:  7 memorised,  5 levels left

Res.Fire  : . . .   See Invis. : .   a - +1,+2 mace (protect)
Res.Cold  : . . .   Warding    : .   (armour unavailable)
Life Prot.: . . .   Conserve   : .   k - +0 elf buckler
Res.Poison: .       Res.Corr.  : +   (helmet restricted)
Res.Elec. : .       Clarity    : .   (no cloak)
Sust.Abil.: . .     Spirit.Shd : +   (no gloves)
Res.Mut.  : .       Stasis     : .   (no boots)
Res.Rott. : .       Flight     : .   q - amulet of guardian spirit
Saprovore : . . .                    (no ring)
                                     (no ring)

@: mildly poisoned, hasted, very quick, somewhat resistant to hostile
enchantments, fairly stealthy
A: spit acid, acid resistance, unfitting armour, large and strong wings, AC +7
a: Spit Acid, Fly, Renounce Religion


You were on level 1 of the Lair of Beasts.
You worshipped Vehumet.
Vehumet was greatly pleased with you.
You were hungry.

You visited 2 branches of the dungeon, and saw 10 of its levels.

You collected 447 gold pieces.
You spent 148 gold pieces at shops.

Inventory:

Hand weapons
 a - a +1,+2 mace of protection (weapon)
 s - a +0,+0 quarterstaff
 t - a +2,+3 orcish hammer of protection
Armour
 k - a +0 elven buckler (worn)
Magical devices
 g - a wand of lightning (0)
 h - a wand of polymorph (15) {unknown}
 r - a wand of random effects (0)
 u - a wand of magic darts (10)
 y - a wand of disintegration (0)
 A - a wand of draining (6)
Comestibles
 c - 2 bread rations
 i - a pear
 v - 2 meat rations
 B - a snozzcumber
 D - a slice of pizza
 G - a chunk of iguana flesh
Scrolls
 f - 10 scrolls of identify
 j - 10 scrolls of remove curse
 l - a scroll of fog
 n - 2 scrolls of teleportation
Jewellery
 p - an uncursed amulet of rage
 q - an amulet of guardian spirit (around neck)
 E - an uncursed amulet of clarity
 H - a cursed ring of hunger {unknown}
Potions
 e - a potion of might
 m - a potion of flight {unknown}
 x - 2 potions of porridge
 z - a potion of agility {unknown}
 C - 2 potions of speed
Books
 b - a book of Frost

   Spells                             Type                      Level
   *Freeze                            Ice                          1
   *Throw Frost                       Conjuration/Ice              2
   *Ozocubu's Armour                  Charms/Ice                   3
   *Throw Icicle                      Conjuration/Ice              4
   Summon Ice Beast                   Ice/Summoning                4
   Condensation Shield                Ice                          4
 o - a book of Callings

   Spells                             Type                      Level
   Summon Small Mammal                Summoning                    1
   Call Imp                           Summoning                    2
   Call Canine Familiar               Summoning                    3
   Summon Scorpions                   Summoning/Poison             4
   Summon Ice Beast                   Ice/Summoning                4
 w - a book of Fire

   Spells                             Type                      Level
   Fire Brand                         Charms/Fire                  2
   Ignite Poison                      Fire/Transmutation           5
   Fireball                           Conjuration/Fire             5
   Bolt of Fire                       Conjuration/Fire             6
   Delayed Fireball                   Conjuration/Fire             7
   Ring of Flames                     Charms/Fire                  7
   Dragon Form                        Transmutation                7
 F - a book of Clouds

   Spells                             Type                      Level
   *Mephitic Cloud                    Conjuration/Poison/Air       3
   Conjure Flame                      Conjuration/Fire             3
   Poisonous Cloud                    Conjuration/Poison/Air       6
   Freezing Cloud                     Conjuration/Ice/Air          6
   Ring of Flames                     Charms/Fire                  7


   Skills:
 - Level 2.1 Dodging
 - Level 1.8 Stealth
 + Level 5.8 Spellcasting
 * Level 8.8 Conjurations
 * Level 9.7 Ice Magic
 + Level 2.3 Evocations


You had 5 spell levels left.
You knew the following spells:

 Your Spells              Type           Power        Failure   Level  Hunger
a - Freeze                Ice            ####         1%          1    None
b - Throw Frost           Conj/Ice       #####.       1%          2    None
c - Shock                 Conj/Air       ###.         2%          1    None
d - Throw Icicle          Conj/Ice       #####...     3%          4    ####...
e - Ozocubu's Armour      Chrm/Ice       ###.......   8%          3    ##.....
f - Sting                 Conj/Pois      ###.         2%          1    None
g - Mephitic Cloud        Conj/Pois/Air  ###.....     14%         3    ##.....


Dungeon Overview and Level Annotations

Branches:
Dungeon (9/27)             Temple (0/1) D:7            Lair (1/8) D:8
    Orc: D:6-11

Altars:
Elyvilon
Fedhas
Kikubaaqudgha
Sif Muna
Vehumet
Xom
Yredelemnul
Zin
the Shining One

Shops:
D:4: *(*% D:6: ?

Annotations
D:8 1 exclusion, Erolcha


Innate Abilities, Weirdness & Mutations

You can spit globs of acid.
You can corrode armour when you spit acid.
You are resistant to acid.
Your golden yellow scales are hard (AC +7).
Your body does not fit into most forms of armour.
Your cold-blooded metabolism reacts poorly to cold.
Your wings are large and strong.


Message History

You feel sick. The green rat bites you!
* * * LOW HITPOINT WARNING * * *
The green rat closely misses you.
* * * LOW HITPOINT WARNING * * *
You feel sick.
Read which item? (? for menu, Esc to quit)
Okay, then.
Drink which item? (? for menu, Esc to quit)
You feel yourself speed up. The green rat bites you.
* * * LOW HITPOINT WARNING * * *
* * * LOW HITPOINT WARNING * * *
You feel sick.
* * * LOW HITPOINT WARNING * * *
You feel sick.
* * * LOW HITPOINT WARNING * * *
You feel sick.
* * * LOW HITPOINT WARNING * * *
You feel sick.
You feel a little better.
You die...

######## ### ###......##
###.####.#....#..#
###...##..........######
#.......##...<.........#
##.......#....@.#.###..#
#.......###....#..# #..##
#.#.......r.......# ##.P#
###.##...###..####### #..##
.......#.###.......# ##..#
.#..P..#.##........###...###
.##....#%f##.......##......#
.$.%...............#.......#
.#.....%............#.....##


You could see a green rat.

Vanquished Creatures
  The ghost of Fv001 the Covered, an experienced MiFi of Okawaru (D:8)
  A black mamba (Lair:1)
  A hippogriff (D:8)
  A wraith (D:8)
  Eustachio (D:8)
  A manticore (D:8)
  2 hungry ghosts
  A necrophage (D:5)
  5 sky beasts
  An orc warrior (D:8)
  3 centaurs
  Sigmund (D:3)
  Duvessa (D:5)
  Blork the orc (D:7)
  A water moccasin (Lair:1)
  2 giant frogs
  An ogre zombie (D:7)
  5 wights
  4 crimson imps
  2 goliath beetles
  Dowan (D:5)
  8 hounds
  A hound zombie (D:7)
  A quasit (D:8)
  An ogre skeleton (D:3)
  5 orc priests
  2 iguanas
  A hound skeleton (D:8)
  3 scorpions
  3 worker ants
  8 orc wizards
  A worm zombie (D:7)
  A jelly (D:9)
  Terence (D:2)
  A lemure (D:8)
  16 adders
  A gnoll (D:2)
  An iguana skeleton (D:8)
  3 green rats (D:8)
  3 adder skeletons
  2 giant mites
  5 worms
  2 grey rats (D:8)
  A bat skeleton (D:7)
  2 giant eyeballs
  4 giant geckos
  An ooze (D:7)
  22 orcs
  6 giant cockroaches
  9 goblins
  10 hobgoblins
  9 jackals (D:5)
  15 kobolds
  6 quokkas
  2 ball pythons
  20 bats
  3 giant newts
  A hobgoblin skeleton (D:6)
  An orc skeleton (D:6)
  An orc zombie (D:7)
  21 rats
  A rat skeleton (D:7)
  2 butterflies (D:8)
244 creatures vanquished.

Vanquished Creatures (others)
  A kobold (D:3)
  A goblin (D:5)
  A rat (D:2)
3 creatures vanquished.

Grand Total: 247 creatures vanquished

Notes
Turn   | Place    | Note
--------------------------------------------------------------
     0 | D:1      | Kae, the Draconian Ice Elementalist, began the quest for the Orb.
     0 | D:1      | Reached XP level 1. HP: 14/14 MP: 3/3
   172 | D:1      | Reached XP level 2. HP: 8/20 MP: 0/4
   329 | D:1      | Learned a level 2 spell: Throw Frost
   646 | D:2      | Reached XP level 3. HP: 26/26 MP: 1/6
   791 | D:2      | Reached skill level 4 in Ice Magic
   853 | D:2      | Reached XP level 4. HP: 33/33 MP: 4/7
  1377 | D:2      | Noticed Terence
  1383 | D:2      | Killed Terence
  1581 | D:3      | Reached XP level 5. HP: 38/38 MP: 3/9
  1843 | D:3      | Found an ancient bone altar of Kikubaaqudgha.
  1947 | D:3      | Found a blossoming altar of Fedhas.
  1947 | D:3      | Noticed Sigmund
  2364 | D:3      | Killed Sigmund
  2364 | D:3      | Reached skill level 5 in Ice Magic
  2364 | D:3      | Reached XP level 6. HP: 45/45 MP: 4/11
  2834 | D:4      | Found Jeorratz's Food Shop.
  2904 | D:4      | Paralysed by a giant eyeball for 3 turns
  3082 | D:4      | Found Raeqimad's General Store.
  3086 | D:4      | Found Kyelympa's Antique Weapon Boutique.
  3091 | D:4      | Bought a scroll of teleportation for 33 gold pieces
  3091 | D:4      | Bought a scroll of identify for 22 gold pieces
  3108 | D:4      | Found Tradaasm's Assorted Antiques.
  3286 | D:5      | Entered Level 5 of the Dungeon
  3549 | D:5      | Noticed Dowan
  3555 | D:5      | Noticed Duvessa
  3563 | D:5      | Killed Dowan
  3596 | D:5      | Killed Duvessa
  3596 | D:5      | Your scales start taking on a golden yellow colour.
  3596 | D:5      | Reached XP level 7. HP: 46/50 MP: 1/14
  3729 | D:5      | Reached skill level 6 in Ice Magic
  3897 | D:5      | Noticed a necrophage
  3911 | D:5      | Killed a necrophage
  3963 | D:5      | Found a basalt altar of Yredelemnul.
  4341 | D:6      | Found a radiant altar of Vehumet.
  4349 | D:6      | Became a worshipper of Vehumet
  4446 | D:6      | Reached skill level 5 in Conjurations
  4472 | D:6      | Reached XP level 8. HP: 57/57 MP: 13/17
  4646 | D:6      | Found Derr's Magic Scroll Boutique.
  4658 | D:6      | Bought a scroll of fear for 38 gold pieces
  4658 | D:6      | Bought a scroll of fog for 22 gold pieces
  4658 | D:6      | Bought a scroll of identify for 22 gold pieces
  4658 | D:6      | Bought a scroll of immolation for 11 gold pieces
  5014 | D:7      | Acquired Vehumet's first power
  5014 | D:7      | Offered knowledge of Shock by Vehumet.
  5017 | D:7      | Learned a level 1 spell: Shock
  5022 | D:7      | Learned a level 4 spell: Throw Icicle
  5026 | D:7      | Learned a level 3 spell: Ozocubu's Armour
  5086 | D:7      | Reached skill level 7 in Ice Magic
  5535 | D:7      | Noticed Blork the orc
  5544 | D:7      | Killed Blork the orc
  5602 | D:7      | Found a staircase to the Ecumenical Temple.
  5875 | D:7      | Offered knowledge of Sting by Vehumet.
  6246 | D:7      | Reached XP level 9. HP: 57/62 MP: 15/19
  6300 | D:8      | Gained mutation: Your wings are large and strong. [potion of beneficial mutation]
  6368 | D:8      | Found a staircase to the Lair.
  6427 | D:8      | Found a shimmering altar of Xom.
  6545 | D:8      | Reached skill level 8 in Ice Magic
  6633 | D:8      | Noticed Eustachio
  6852 | D:8      | Killed Eustachio
  6861 | D:8      | Noticed Fv001's ghost (experienced MiFi)
  6883 | D:8      | Killed Fv001's ghost
  6883 | D:8      | Reached skill level 5 in Spellcasting
  7105 | D:8      | Paralysed by a giant eyeball for 3 turns
  7303 | D:8      | Reached skill level 9 in Ice Magic
  7477 | D:8      | Found a glowing silver altar of Zin.
  7538 | D:8      | Learned a level 1 spell: Sting
  7542 | D:8      | Learned a level 3 spell: Mephitic Cloud
  7552 | D:8      | Offered knowledge of Static Discharge by Vehumet.
  7580 | D:8      | HP: 2/62 [orc warrior/orcish war axe (4)]
  7794 | D:8      | Reached skill level 1 in Evocations
  8721 | D:8      | Found a deep blue altar of Sif Muna.
  8773 | D:8      | Noticed Erolcha
  8963 | D:9      | Found a glowing golden altar of the Shining One.
  8968 | D:9      | Reached XP level 10. HP: 63/69 MP: 5/22
  9181 | D:9      | Found a white marble altar of Elyvilon.
  9629 | Lair:1   | Entered Level 1 of the Lair of Beasts
  9695 | Lair:1   | Noticed a black mamba
  9713 | Lair:1   | Killed a black mamba
  9728 | Lair:1   | HP: 3/69 [poisoned by a water moccasin]
  9734 | Lair:1   | HP: 2/69 [poisoned by a water moccasin]
  9736 | Lair:1   | Succumbed to a water moccasin's poison

Action                   |  1- 3 |  4- 6 |  7- 9 | 10-12 || total
-------------------------+-------+-------+-------+-------++-------
Melee: Mace              |    34 |    85 |   307 |     6 ||   432
 Cast: Freeze            |    37 |   109 |   256 |    37 ||   439
       Throw Frost       |       |    19 |    16 |       ||    35
       Throw Icicle      |       |       |     6 |     1 ||     7
       Shock             |       |       |     6 |       ||     6
 Abil: Spit Acid         |       |       |     6 |       ||     6
       Fly               |       |       |     3 |       ||     3
Evoke: Wand              |       |       |    35 |       ||    35
  Use: Scroll            |       |       |    21 |       ||    21
       Potion            |       |       |     6 |     3 ||     9
 Stab: Sleeping          |     1 |       |     1 |       ||     2
       Distracted        |       |       |     1 |       ||     1
